Map: Kairos Junction LE

Players

Smileblind

  • Race: Protoss Protoss
  • League: Silver
  • Spawn Location: 5:00

VOD

Have the link to the VOD?

Description

Time

  • Played on: Feb. 4, 2019, 11:08 a.m.
  • Length: 3:44
Show
View Real Time Build Order
Export as new Build Order

Smileblind Protoss 

Build Orders:  

Get SALT Encoding   

  12  0:07  Probe (Chrono Boost)  
  13  0:24  Probe (Chrono Boost)  
  13  0:29  Pylon  
  15  0:41  Probe (Chrono Boost)  
  15  0:58  Probe (Chrono Boost)  
  16  1:08  Forge  
  16  1:12  Probe (Chrono Boost)  
  17  1:24  Probe (Chrono Boost)  
  18  1:33  Pylon  
  18  1:35  Probe (Chrono Boost)  
  19  1:52  Probe (Chrono Boost)  
  20  2:03  Pylon  
  20  2:09  Probe (Chrono Boost)  
  21  2:18  Photon Cannon  
  21  2:31  Pylon  
  20  2:45  Pylon  
  20  2:51  Pylon  
  20  3:25  Photon Cannon  
Tags
 
Add a new tag
Caveats
  • Supply blocks, unpowered buildings, or Contaminate may cause inaccurate times.
  • Supply counts are checked every 10 seconds.